 Dungeon Crawl Stone Soup version 0.24-a0-284-g9fb9971 (webtiles) character file.

Game seed: 19891062631705990

9646 nikopol the Thaumaturge (level 11, -1/54 (55) HPs)
             Began as a Deep Elf Fire Elementalist on May 3, 2019.
             Slain by a hellwing (4 damage)
             ... on level 11 of the Dungeon on May 6, 2019.
             The game lasted 00:37:19 (11644 turns).

nikopol the Thaumaturge (DEFE)                     Turns: 11644, Time: 00:37:20

HP:   -1/54 (55)    AC:  6    Str:  5    XL:     11   Next: 25%
MP:   6/30          EV: 14    Int: 24    God:
Gold: 541           SH:  0    Dex: 15    Spells: 22/37 levels left

rFire    + . .     SeeInvis .   y - staff of energy (curse)
rCold    x . .     Gourm    .   (no shield)
rNeg     . . .     Faith    .   a - +0 robe
rPois    .         Spirit   .   v - +1 hat
rElec    .         Reflect  .   (no cloak)
rCorr    .         Harm     .   O - +0 pair of gloves
MR       ++...                  K - +1 pair of boots
Stlth    +++.......             (no amulet)
HPRegen  0.18/turn              p - ring of protection from magic
MPRegen  0.22/turn              m - ring of fire

@: no status effects
A: no striking features
a: no special abilities


You were on level 11 of the Dungeon.
You were not hungry.

You visited 1 branch of the dungeon, and saw 11 of its levels.
You also visited: Ossuary.

You collected 541 gold pieces.

Inventory:

Hand Weapons
 u - a +2 short sword of flaming
Armour
 a - a +0 robe (worn)
 v - a +1 hat (worn)
 K - a +1 pair of boots (worn)
 O - a +0 pair of gloves (worn)
Magical Staves
 t - an uncursed staff of summoning
 y - a cursed staff of energy (weapon)
Jewellery
 f - an uncursed ring of protection from fire
 m - a ring of fire (right hand)
 p - a ring of protection from magic (left hand)
Wands
 e - a wand of paralysis (13)
 q - a wand of digging (1)
 s - a wand of acid (4)
 M - a wand of flame (18)
Scrolls
 b - a scroll of enchant armour {unknown}
 j - a scroll of teleportation
 k - 7 scrolls of remove curse {unknown}
 x - 4 scrolls of fog {unknown}
 B - 6 scrolls of immolation {unknown}
 E - 3 scrolls of blinking {unknown}
 F - a scroll of noise {unknown}
 H - a scroll of holy word {unknown}
 I - 6 scrolls of identify
 J - 2 scrolls of magic mapping {unknown}
 L - a scroll of random uselessness {unknown}
Potions
 d - 4 potions of berserk rage
 g - a potion of heal wounds {unknown}
 h - 2 potions of agility
 i - 2 potions of cancellation
 l - 9 potions of curing
 n - 2 potions of flight
 o - a potion of resistance {unknown}
 r - 2 potions of invisibility
 w - 5 potions of lignification
 z - 3 potions of might
 A - 3 potions of haste
 C - 5 potions of brilliance {unknown}
 D - 2 potions of magic {unknown}
 G - 4 potions of mutation {unknown}
Comestibles
 c - 10 rations


   Skills:
 + Level 0.8 Fighting
 + Level 4.1 Dodging
 + Level 4.9 Stealth
 + Level 13.6 Spellcasting
 + Level 10.6 Conjurations
 + Level 10.6 Fire Magic
 + Level 0.3 Evocations


You had 22 spell levels left.
You knew the following spells:

 Your Spells              Type           Power        Failure   Level  Hunger
a - Flame Tongue          Conj/Fire      #####        1%          1    None
b - Throw Flame           Conj/Fire      ######       1%          2    None
c - Conjure Flame         Conj/Fire      #######.     1%          3    None
d - Sticky Flame          Conj/Fire      #######.     1%          4    None
e - Fireball              Conj/Fire      #######...   1%          5    None

Your spell library contained the following spells:

 Spells                   Type           Power        Failure   Level  Hunger
 Dazzling Spray           Conj/Hex       #####.       1%          3    None
 Inner Flame              Hex/Fire       ######..     1%          3    None
 Corona                   Hex            ###....      3%          1    None
 Ensorcelled Hibernation  Hex/Ice        ###...       5%          2    None
 Confuse                  Hex            ###.....     11%         3    None
 Tukima's Dance           Hex            ###.....     11%         3    None


Dungeon Overview and Level Annotations

Branches:
Dungeon (11/15)            Temple (0/1) D:4            Lair (0/6) D:8
    Orc: D:9-12

Altars:
Elyvilon
Fedhas
Hepliaklqana
Nemelex Xobeh
Ru
Vehumet

Shops:
D:4 (   D:5 (   D:9 (   D:11 *

Annotations:
D:8 2 transporters
D:11 Psyche


Message History

The hellwing is moderately wounded.
Casting: Fireball (safe; 1% risk of failure)
Confirm with . or Enter, or press ? or * to list all spells.
Aiming: Fireball (safe; 1% risk of failure)
Press: ? - help, Shift-Dir - straight line, f/p - hellwing
Aim: a hellwing (moderately wounded)
You feel a surge of power!
The fireball explodes!
The fireball engulfs the hellwing!!
The hellwing is severely wounded.
Psyche points at you and mumbles some strange words.
The puff of frost hits you!!
You feel a terrible chill!
* * * LOW HITPOINT WARNING * * *
The hellwing swoops through the air toward you!
The hellwing hits you.
* * * LOW HITPOINT WARNING * * *
The hellwing hits you.
* * * LOW HITPOINT WARNING * * *
Psyche zaps a wand.
Psyche zaps a wand.
The hellwing hits you.
You die...

.... #....###
....
#......##
....
...#.......##
.P..
P8..........#
8...
8...........#
....
............#
Z8P.
...........##
....
8...8..).4.##
.8..
P........@..#
..P.
...P8....<..#
....
....P.....∩.#
..P.
..........##
....
.@......##
....
8....####
...## ... #.


You could see a hellwing and Psyche.

Vanquished Creatures
  A two-headed ogre (D:9)
  Pikel (D:4)
  A gargoyle (D:11)
  A hellwing (D:11)
  2 trolls (D:11)
  Grinder (D:6)
  A meliai zombie (D:11)
  A hippogriff (D:9)
  A wraith (D:10)
  6 yaks
  A basilisk (D:11)
  2 wargs (D:8)
  Edmund (D:5)
  A water moccasin (D:7)
  2 black bears
  2 orc warriors
  3 sky beasts
  4 necrophages (D:10)
  4 ogres
  4 phantoms
  5 centaurs
  A big kobold (D:9)
  8 bullfrogs
  2 wyvern zombies
  A wyvern skeleton (D:7)
  A water moccasin skeleton (D:8)
  A scorpion (D:6)
  A crimson imp (D:11)
  4 centaur zombies
  A jelly (D:6)
  9 orc priests
  4 centaur skeletons
  A hound (D:7)
  A gnoll shaman (D:7)
  3 iguanas
  12 worker ants
  5 orc wizards
  A killer bee zombie (D:6)
  A big kobold zombie (Ossuary)
  3 ogre zombies (Ossuary)
  A hound zombie (D:6)
  A hound skeleton (D:9)
  8 mummies
  2 worker ant zombies (D:6)
  10 gnolls
  11 adders
  5 shadow imps
  An ooze (D:6)
  6 adder zombies
  2 adder skeletons
  2 worms
  A dart slug (D:2)
  6 leopard geckos
  46 orcs
  6 giant cockroaches
  5 goblins
  8 hobgoblins
  6 kobolds
  2 quokkas
  4 ball pythons
  4 bats
  8 frilled lizards
  A gnoll zombie (Ossuary)
  2 goblin zombies (Ossuary)
  3 hobgoblin zombies (Ossuary)
  3 kobold zombies (Ossuary)
  A leopard gecko skeleton (D:4)
  An orc zombie (Ossuary)
  9 quokka zombies (Ossuary)
  9 rats
  2 rat zombies (Ossuary)
281 creatures vanquished.

Vanquished Creatures (others)
  An orc (D:4)
1 creature vanquished.

Grand Total: 282 creatures vanquished

Notes
Turn   | Place    | Note
-------+----------+-------------------------------------------
     0 | D:1      | nikopol the Deep Elf Fire Elementalist began the quest for
                  | the Orb.
     0 | D:1      | Reached XP level 1. HP: 10/10 MP: 6/6
   187 | D:1      | Reached XP level 2. HP: 15/15 MP: 2/8
   767 | D:2      | Reached XP level 3. HP: 19/19 MP: 7/10
   771 | D:2      | Learned a level 2 spell: Throw Flame
   775 | D:2      | Learned a level 3 spell: Conjure Flame
   795 | D:2      | Found a white marble altar of Elyvilon.
  1346 | D:3      | Reached XP level 4. HP: 24/24 MP: 6/11
  1446 | D:3      | Reached skill level 4 in Spellcasting
  1894 | D:3      | Reached XP level 5. HP: 28/28 MP: 8/13
  2075 | D:4      | Learned a level 4 spell: Sticky Flame
  2091 | D:4      | Noticed an ogre
  2100 | D:4      | Killed an ogre
  2227 | D:4      | Noticed a phantom
  2237 | D:4      | Killed a phantom
  2237 | D:4      | Reached skill level 5 in Spellcasting
  2237 | D:4      | Reached skill level 5 in Fire Magic
  2237 | D:4      | Reached XP level 6. HP: 17/32 MP: 7/15
  2244 | D:4      | Learned a level 5 spell: Fireball
  2292 | D:4      | Found a sacrificial altar of Ru.
  2366 | D:4      | Noticed a slave
  2368 | D:4      | Noticed Pikel
  2368 | D:4      | Noticed a slave
  2399 | D:4      | Noticed a slave
  2401 | D:4      | Noticed a slave
  2410 | D:4      | Killed Pikel
  2410 | D:4      | Reached skill level 6 in Spellcasting
  2410 | D:4      | Reached XP level 7. HP: 36/36 MP: 1/19
  2549 | D:4      | Found a staircase to the Ecumenical Temple.
  2555 | D:4      | Found Nijuhogh's Antique Weapon Emporium.
  2652 | D:4      | Reached skill level 7 in Spellcasting
  2923 | D:4      | Found a blossoming altar of Fedhas.
  2969 | D:5      | Entered Level 5 of the Dungeon
  3125 | D:5      | Reached skill level 5 in Conjurations
  3276 | D:5      | Noticed Edmund
  3307 | D:5      | Killed Edmund
  3465 | D:5      | Identified the +11 scythe of Vowoe {pain, rF+ Dex+2}
  3567 | D:5      | Reached XP level 8. HP: 31/41 MP: 14/21
  3603 | D:5      | Found Mitaozua's Antique Weapon Boutique.
  3625 | D:5      | Upgraded the game from 0.24-a0-282-g1a68c91 to
                  | 0.24-a0-284-g9fb9971
  4297 | D:6      | Reached skill level 8 in Spellcasting
  4341 | D:6      | Noticed Grinder
  4352 | D:6      | Killed Grinder
  4874 | D:6      | Reached skill level 9 in Spellcasting
  5531 | D:7      | Reached XP level 9. HP: 45/45 MP: 19/24
  5807 | D:7      | Reached skill level 10 in Spellcasting
  6315 | D:8      | Found a sand-covered staircase.
  6324 | Ossuary  | Entered an ossuary
  7295 | D:8      | Found a transporter.
  7297 | D:8      | Found a radiant altar of Vehumet.
  7297 | D:8      | Noticed a troll
  7428 | D:8      | Reached skill level 11 in Spellcasting
  7677 | D:8      | Found a staircase to the Lair.
  8181 | D:8      | Reached XP level 10. HP: 40/51 MP: 20/27
  8503 | D:8      | Found a transporter.
  8776 | D:9      | Found a sparkling altar of Nemelex Xobeh.
  9194 | D:9      | Found Witim's Weapon Boutique.
  9228 | D:9      | Reached skill level 12 in Spellcasting
  9434 | D:9      | Found a hazy altar of Hepliaklqana.
  9600 | D:10     | Entered Level 10 of the Dungeon
  9896 | D:10     | Noticed a two-headed ogre
  9922 | D:9      | Killed a two-headed ogre
  9922 | D:9      | Reached skill level 13 in Spellcasting
  9922 | D:9      | Reached skill level 10 in Fire Magic
 10280 | D:10     | Reached skill level 10 in Conjurations
 10599 | D:11     | Found Ygreh's Assorted Antiques.
 10722 | D:11     | Noticed a gargoyle
 10725 | D:11     | Killed a gargoyle
 10725 | D:11     | Noticed a gargoyle
 10727 | D:11     | Noticed Psyche
 10728 | D:11     | Reached XP level 11. HP: 54/54 MP: 5/30
 11644 | D:11     | Slain by a hellwing

Levels and vault maps discovered:
D:1:      tarquinn_simple_flora_water_f, layout_loops_ring,
          minmay_misc_feat_rows, minmay_stone_trees_medium
D:2:      layout_basic, elyvilon_altar_3
D:3:      layout_basic, first_ration
D:4:      layout_loops_ring, overflow_temple_1_default, fedhas_altar_fruit_tree,
          minmay_temple_entry_crystal_x, serial_shops, shop, uniq_pikel
D:5:      layout_cave_pods, serial_shops, shop_statue, minmay_misc_feat_columns,
          saegor_snake_ambush, uniq_edmund
D:6:      layout_basic, uniq_grinder
D:7:      layout_basic
D:8:      layout_loops_cross, gammafunk_temple_overflow_arena,
          erik_lair_orcish_takeover, gup_ossuary_entry_pyramid
D:9:      layout_gridville, marbit_many_paths, old_standard_altar, serial_shops,
          kennysheep_mini
D:10:     layout_cave_pools
D:11:     cheibrodos_grave_circle, layout_rooms, serial_shops, shop, uniq_psyche

Skill      XL: |  1  2  3  4  5  6  7  8  9 10 11 |
---------------+----------------------------------+-----
Fire Magic     | 4 5 6 7 9 10 | 10.6
Conjurations   | 2 3 4 5 6 8 10 | 10.6
Spellcasting   | 4 5 6 7 9 11 13 | 13.6
Stealth        | 3 4 |  4.9
Dodging        | 3 4 |  4.1
Fighting       | |  0.8
Evocations     | |  0.3

Action                   |  1- 3 |  4- 6 |  7- 9 | 10-12 || total
-------------------------+-------+-------+-------+-------++-------
Melee: Short sword       |       |     2 |     3 |       ||     5
 Cast: Flame Tongue      |    55 |    87 |   308 |   104 ||   554
       Conjure Flame     |       |     2 |     2 |     1 ||     5
       Sticky Flame      |       |       |    34 |    31 ||    65
       Throw Flame       |       |       |    26 |     1 ||    27
       Fireball          |       |       |     4 |    32 ||    36
Evoke: Wand              |       |       |       |     5 ||     5
  Use: Scroll            |       |       |    11 |       ||    11
       Potion            |       |       |     1 |       ||     1
  Eat: Chunk             |     1 |     3 |    15 |     7 ||    26
       Ration            |       |       |     1 |     1 ||     2
Armor: Robe              |     1 |     2 |    28 |    13 ||    44
Dodge: Dodged            |     5 |     8 |    73 |    54 ||   140

Table legend:
 A = Non-vault XP
 B = Vault XP
 C = Vault XP percentage of total XP
 D = Non-vault monster count
 E = Vault monster count
 F = Vault count percentage of total count
                 A         B        C        D         E       F
            +---------+---------+-------+---------+---------+-------
      Total |    9613 |    4167 |  30.2 |     218 |      63 |  22.4
            +---------+---------+-------+---------+---------+-------
        D:1 |      26 |       0 |   0.0 |      18 |       0 |   0.0
        D:2 |      53 |       0 |   0.0 |      15 |       0 |   0.0
        D:3 |     140 |       0 |   0.0 |      37 |       0 |   0.0
        D:4 |     285 |     586 |  67.3 |       8 |       1 |  11.1
        D:5 |     233 |     193 |  45.3 |      17 |       4 |  19.0
        D:6 |     732 |     277 |  27.5 |      24 |       1 |   4.0
        D:7 |    1108 |       0 |   0.0 |      24 |       0 |   0.0
        D:8 |    1293 |     666 |  34.0 |      23 |      10 |  30.3
        D:9 |    2784 |     133 |   4.6 |      26 |       1 |   3.7
       D:10 |    1558 |      11 |   0.7 |      16 |       1 |   5.9
       D:11 |    1401 |    1929 |  57.9 |      10 |       8 |  44.4
    Ossuary |       0 |     372 | 100.0 |       0 |      37 | 100.0
            +---------+---------+-------+---------+---------+-------
